 Dungeon Crawl Stone Soup version 0.26-a0-648-g87339cca5e (webtiles) character file.

Game seed: 5942893593561419382

181 MrRokkomies the Gusty (level 5, -2/30 HPs)
             Began as a Tengu Air Elementalist on Sept 25, 2020.
             Killed by divine providence
             ... invoked by an orc priest
              (13 damage)
             ... on level 3 of the Dungeon.
             The game lasted 00:06:15 (2778 turns).

MrRokkomies the Gusty (Tengu Air Elementalist)      Turns: 2778, Time: 00:06:16

Health: -2/30      AC:  4    Str:  8    XL:     5   Next: 61%
Magic:  0/9        EV: 16    Int: 16    God:
Gold:   159        SH:  0    Dex: 15    Spells: 2/8 levels left

rFire    . . .     SeeInvis .   d - +0 spear
rCold    . . .     Faith    .   (no shield)
rNeg     . . .     Spirit   .   e - +0 robe
rPois    .         Reflect  .   (helmet restricted)
rElec    .         Harm     .   m - +0 cloak
rCorr    .         Rampage  .   c - +0 pair of gloves
MR       .....                  (boots unavailable)
Stlth    ++........             (no amulet)
HPRegen  0.10/turn              (no ring)
MPRegen  0.11/turn              (no ring)

@: flying quickly and evasively, quick
A: beak, talons 3, able to fly
a: Stop Flying


You were on level 3 of the Dungeon.
You visited 1 branch of the dungeon, and saw 3 of its levels.

You collected 159 gold pieces.

Inventory:

Hand Weapons
 d - a +0 spear (weapon)
Armour
 c - a +0 pair of gloves (worn)
 e - a +0 robe (worn)
 m - a +0 cloak (worn)
Scrolls
 b - a scroll of teleportation {unknown}
Potions
 f - a potion of haste
 g - a potion of lignification {unknown}
 h - a potion of invisibility {unknown}
 k - a potion of magic {unknown}
 l - 2 potions of curing
 n - 2 potions of ambrosia {unknown}


   Skills:
 + Level 1.7 Fighting
 + Level 3.1 Dodging
 - Level 2.0 Stealth
 - Level 2.0 Spellcasting
 * Level 4.0 Conjurations
 * Level 5.8 Air Magic


You had 2 spell levels left.
You knew the following spells:

 Your Spells              Type           Power        Failure   Level
a - Shock                 Conj/Air       ###.         2%          1
b - Swiftness             Air            ###.....     3%          2
c - Static Discharge      Conj/Air       ###.....     9%          3

Your spell library contained the following spells:

 Spells                   Type           Power        Failure   Level
 Magic Dart               Conj           ##..         4%          1
 Summon Small Mammal      Summ           #...         21%         1
 Blink                    Tloc           N/A          30%         2
 Call Imp                 Summ           #.......     30%         2
 Slow                     Hex            #.......     30%         2
 Mephitic Cloud           Conj/Pois/Air  ##......     16%         3
 Airstrike                Air            ###.......   19%         4
 Conjure Flame            Conj/Fire      #.......     26%         3
 Call Canine Familiar     Summ           #.......     52%         3
 Summon Guardian Golem    Hex/Summ       #.......     52%         3
 Summon Lightning Spire   Summ/Air       ##......     54%         4
 Lightning Bolt           Conj/Air       ###.......   58%         5
 Summon Ice Beast         Ice/Summ       #.......     90%         4


Dungeon Overview and Level Annotations

Branches:
Dungeon (3/15)

Altars:


Innate Abilities, Weirdness & Mutations

You have a beak for a mouth.
You have claws for feet.
You can fly continuously.


Message History

The orc priest is severely wounded.
The orc priest hits you with a +0 hand axe.
* * * LOW HITPOINT WARNING * * *
You feel better. The orc priest barely misses you.
You hit the orc priest but do no damage.
You claw the orc priest, but do no damage.
The orc priest is severely wounded.
The orc priest hits you with a +0 hand axe.
You hit the orc priest.
You claw the orc priest, but do no damage.
The orc priest is almost dead.
The orc priest barely misses you.
You hit the orc priest but do no damage.
The orc priest is almost dead.
The orc priest hits you with a +0 hand axe.
You barely miss the orc priest.
The orc priest is almost dead.
The orc priest invokes the aid of Beogh against you.
Beogh smites you!
You die...

...........#
#.#
...........#
#.##
....†......#
#..#
...........#
##.#
...........#
#.#
#.#........#
#.#
....####...#
#.# #.###
#..# #.#
#... ..# #@#
###### ...
#o.#
....o##...
[..#
o##?......
...##
.....#.
....#
.......)..
.....#
.#####(.).
.)....# ..
..........#
#.. .


You could see an orc priest.

Vanquished Creatures
  Natasha (thrice) (D:2)
  5 adders
  An ooze (D:3)
  A worm (D:2)
  2 dart slugs (D:1)
  A leopard gecko (D:1)
  4 orcs (D:3)
  3 giant cockroaches (D:2)
  5 goblins
  4 hobgoblins
  3 quokkas (D:2)
  5 bats
  4 frilled lizards
  4 kobolds
  7 rats
52 creatures vanquished.

Notes
Turn   | Place    | Note
-------+----------+-------------------------------------------
     0 | D:1      | MrRokkomies the Tengu Air Elementalist began the quest for
                  | the Orb.
     0 | D:1      | Reached XP level 1. HP: 10/10 MP: 4/4
   438 | D:1      | Reached XP level 2. HP: 15/15 MP: 6/6
  1239 | D:2      | Reached XP level 3. HP: 20/20 MP: 7/7
  1436 | D:2      | Reached skill level 1 in Fighting
  1494 | D:2      | Noticed Natasha
  1503 | D:2      | Killed Natasha
  1503 | D:2      | Reached skill level 5 in Air Magic
  1503 | D:2      | Reached XP level 4. HP: 21/25 MP: 0/8
  1705 | D:2      | Noticed Natasha
  1731 | D:2      | Killed Natasha
  1803 | D:2      | Noticed Natasha
  1955 | D:2      | Killed Natasha
  1955 | D:2      | Gained mutation: You can fly continuously. [Tengu growth]
  1955 | D:2      | Reached XP level 5. HP: 29/29 MP: 6/9
  2349 | D:2      | Learned a level 2 spell: Swiftness
  2353 | D:2      | Learned a level 3 spell: Static Discharge
  2778 | D:3      | Killed from afar by an orc priest

Illustrated notes

Levels and vault maps discovered:
D:1:      lemuel_arrival_room, layout_loops_corners, minmay_ruptured
D:2:      layout_rooms, uniq_natasha
D:3:      layout_rooms, marbit_many_paths, nicolae_overflow_hidden_temple

Skill      XL: |  1  2  3  4  5 |
---------------+----------------+-----
Conjurations   | 2 3 4 |  4.0
Fighting       | 1 |  1.7
Air Magic      | 5 |  5.8
Dodging        | 3 |  3.1
Stealth        | |  2.0
Spellcasting   | |  2.0

Action                   |  1- 3 |  4- 6 || total
-------------------------+-------+-------++-------
Melee: Spear             |    56 |    23 ||    79
       Peck              |     7 |     2 ||     9
       Kick              |     3 |     4 ||     7
 Cast: Shock             |    22 |    66 ||    88
 Abil: Fly               |       |     1 ||     1
  Use: Scroll            |     5 |     4 ||     9
       Potion            |       |     2 ||     2
 Stab: Sleeping          |     4 |       ||     4
Armor: Robe              |     9 |     4 ||    13
Dodge: Dodged            |    49 |    19 ||    68

Table legend: (Time is in decaauts)
 A = Elapsed time spent in this place.
 B = Non-inter-level travel time spent in this place.
 C = Inter-level travel time spent in this place.
 D = Time resting spent in this place.
 E = Time spent auto-exploring this place.
 F = Levels seen in this place.
 G = Mean time per level.
                   A        B        C        D        E       F      G
               +--------+--------+--------+--------+--------+-----+--------+
         Total |   2763 |   2710 |     53 |    508 |   1770 |   3 |  921.0 |
       Dungeon |   2763 |   2710 |     53 |    508 |   1770 |   3 |  921.0 |
               +--------+--------+--------+--------+--------+-----+--------+

Top non-repeatable levels by time:
     D:1: 1417 daAuts
     D:2: 1038 daAuts
     D:3: 307 daAuts
